 Dungeon Crawl Stone Soup version 0.32-a0-656-g3542139ebd (webtiles) character file.

Game seed: 13218583801308795508

5 kae the Slasher (level 1, -1/16 HPs)
             Began as a Coglin Gladiator on Mar 8, 2024.
             Slain by a hobgoblin (3 damage)
             ... on level 1 of the Dungeon.
             The game lasted 00:00:15 (38 turns).

kae the Slasher (Coglin Gladiator)                    Turns: 38, Time: 00:00:16

Health: -1/16      AC:  4    Str: 14    XL:     1   Next: 80%
Magic:  1/1        EV: 12    Int:  7    God:
Gold:   0          SH:  0    Dex: 15    Spells: 0/0 levels left

rFire   . . .        a - +0 long sword {Octavius}
rCold   . . .        f - +0 dagger {Elena}
rNeg    . . .        b - +0 leather armour
rPois   .            c - +0 helmet
rElec   .            (no cloak)
rCorr   .            (no gloves)
SInv    .            (no boots)
Will    .....        (amulet unavailable)
Stlth   +            (ring unavailable)
HPRegen 0.22/turn    (ring unavailable)
MPRegen 0.07/turn    (no gizmo)

%: no passive effects
@: revved
A: off-hand wielding, slow wielding, warmup strikes, no jewellery
a: Invent Gizmo


You were on level 1 of the Dungeon.
You visited 1 branch of the dungeon, and saw 1 of its levels.


Innate Abilities, Weirdness & Mutations

You can wield a second weapon in your off-hand.
It takes a long time for you to wield or remove held weapons.
Your first few attacks do less damage.
You cannot equip rings or amulets.


   Skills:
 - Level 2.0 Fighting
 + Level 3.4 Long Blades
 - Level 1.7 Throwing
 - Level 2.6 Dodging


You couldn't memorise any spells.
You didn't know any spells.
Your spell library was empty.

Inventory:

Hand Weapons
 a - a +0 long sword (weapon) {Octavius}
 f - a +0 dagger (offhand) {Elena}
 g - a +0 falchion
   (You found it on level 1 of the Dungeon)
Missiles
 d - 3 throwing nets (quivered) {=f!f}
 e - a javelin
Armour
 b - a +0 leather armour (worn)
 c - a +0 helmet (worn)

Dungeon Overview and Level Annotations

Branches:
Dungeon (1/15) Zot: 5959

Altars:

#......##†..#l..#....#
#......##...##.##......
#...............[...####
..........#.......#.#
......#...#####......#
#.....###..# ######.#
#..... #.K# . . #gg##
##@.# #..# #..# ####


You could see a hobgoblin, a goblin and a kobold.


Message History

You hear an angry hiss.
You hear a shout!
A rat comes into view.
The rat squeaks loudly.
The endoplasm quivers.
A hobgoblin comes into view.
You see here a +0 falchion.
g - a +0 falchion A kobold comes into view.
It is wielding a +0 club.
A frilled lizard comes into view.
You aren't carrying any potions.
You aren't carrying any scrolls.
Unknown command.
You hit the ball python with your +0 dagger.
You hit the ball python but do no damage.
The ball python closely misses you. The ball python grabs you.
The ball python constricts you.
A goblin comes into view. It is wielding a +0 club. 😕 HP[-1]
You take 1 damage, and now have 15/16 hp.
You hit the ball python with your +0 dagger.
You barely miss the ball python with your +0 long sword.
The ball python barely misses you. The ball python constricts you.
The ball python bites you but does no damage.
The ball python constricts you. 😕 HP[-1]
You take 1 damage, and now have 14/16 hp.
You hit the ball python with your +0 dagger.
You kill the ball python!
The endoplasm closely misses you.
The goblin closely misses you. 😕 HP[+1] Unknown command.
You see here a ball python corpse.
The endoplasm attacks as it pursues you!
The endoplasm hits you but does no damage.
The endoplasm attacks as it pursues you!
The endoplasm hits you but does no damage. 😎 HP[+1]
Your hp is fully restored (16).
The endoplasm attacks as it pursues you!
The endoplasm hits you but does no damage.
The endoplasm attacks as it pursues you!
The endoplasm closely misses you.
The endoplasm jiggles.
You hit the endoplasm with your +0 dagger.
You barely miss the endoplasm with your +0 long sword.
The endoplasm freezes you.
You are frozen. 😮 HP[-5]
You take 5 damage, and now have 11/16 hp.
MASSIVE DAMAGE!! (PAUSE)
You hit the endoplasm with your +0 long sword.
You kill the endoplasm!
You hit the rat with your +0 long sword.
You kill the rat!
You hit the goblin with your +0 long sword.
You hit the goblin with your +0 dagger.
The goblin hits you with a +0 club. 😮 HP[-1]
You take 1 damage, and now have 10/16 hp.
You slash the goblin with your +0 long sword!
You kill the goblin!
The hobgoblin closely misses you. 😮 HP[+1]
You hit the frilled lizard with your +0 long sword.
You kill the frilled lizard!
The hobgoblin hits you. 😮 HP[-1]
You take 1 damage, and now have 10/16 hp.
You hit the goblin but do no damage.
You barely miss the goblin with your +0 long sword.
The hobgoblin completely misses you.
The goblin hits you with a +0 club. 😮 HP[-1]
You take 1 damage, and now have 9/16 hp.
You hit the goblin with your +0 dagger.
You miss the goblin with your +0 long sword.
The hobgoblin hits you.
* * * LOW HITPOINT WARNING * * *
The goblin misses you. 😨 HP[-2]
You take 2 damage, and now have 7/16 hp.
You closely miss the goblin with your +0 long sword.
You completely miss the goblin with your +0 dagger.
The hobgoblin hits you but does no damage.
The goblin hits you with a +0 club.
* * * LOW HITPOINT WARNING * * *
The hobgoblin hits you.
* * * LOW HITPOINT WARNING * * *
😱 HP[-5]
You take 5 damage, and now have 2/16 hp.
MASSIVE DAMAGE!! (PAUSE)
You closely miss the goblin with your +0 long sword.
You barely miss the goblin with your +0 dagger.
The goblin hits you but does no damage. The hobgoblin misses you.
You closely miss the goblin with your +0 long sword.
You hit the goblin with your +0 dagger. The goblin barely misses you.
The hobgoblin barely misses you.
You hit the goblin but do no damage.
You barely miss the goblin with your +0 long sword.
The goblin hits you but does no damage. The hobgoblin hits you.
You die...

Action                     || total
---------------------------++-------
  Melee: Long sword        ||    14
         Dagger            ||    11
 Armour: Leather armour    ||    17
  Dodge: Dodged            ||    11

Levels and vault maps discovered:
D:1:      mainiacjoe_arrival_oval_in_oval, layout_rooms

Notes
Turn   | Place    | Note
-------+----------+-------------------------------------------
     0 | D:1      | kae the Coglin Gladiator began the quest for the Orb.
     0 | D:1      | Reached XP level 1. HP: 16/16 MP: 1/1
     0 | D:1      | magus.rc [v1.11.3]
    35 | D:1      | HP: 2/16 [hobgoblin (3)]
    38 | D:1      | Slain by a hobgoblin

Vanquished Creatures
  A ball python (D:1)
  An endoplasm (D:1)
  A goblin (D:1)
  A frilled lizard (D:1)
  A rat (D:1)
5 creatures vanquished.

Table legend:
 A = Non-vault XP
 B = Vault XP
 C = Vault XP percentage of total XP
 D = Non-vault monster count
 E = Vault monster count
 F = Vault count percentage of total count
                 A         B        C        D         E       F
            +---------+---------+-------+---------+---------+-------
      Total |       8 |       0 |   0.0 |       5 |       0 |   0.0
            +---------+---------+-------+---------+---------+-------
        D:1 |       8 |       0 |   0.0 |       5 |       0 |   0.0
            +---------+---------+-------+---------+---------+-------

Action                     || total
---------------------------++-------
  Melee: Long sword        ||    14
         Dagger            ||    11
 Armour: Leather armour    ||    17
  Dodge: Dodged            ||    11

Illustrated notes

Table legend:
 A = Kills in this place as a percentage of kills in the entire game.
 B = Kills by you in this place as a percentage of kills by you in the entire game.
 C = Kills by friends in this place as a percentage of kills by friends in the entire game.
 D = Other kills in this place as a percentage of other kills in the entire game.
 E = Experience gained in this place as a percentage of experience gained in the entire game.
 F = Experience gained in this place divided by the number of levels of this place that you have seen.
                   A       B       C       D       E      F
               +-------+-------+-------+-------+-------+----------------------
         Total | 100.0 | 100.0 |   N/A |   N/A | 100.0 |   8.0
       Dungeon | 100.0 | 100.0 |   N/A |   N/A | 100.0 |   8.0
               +-------+-------+-------+-------+-------+----------------------

Table legend: (Time is in decaauts)
 A = Elapsed time spent in this place.
 B = Non-inter-level travel time spent in this place.
 C = Inter-level travel time spent in this place.
 D = Time resting spent in this place.
 E = Time spent auto-exploring this place.
 F = Levels seen in this place.
 G = Mean time per level.
                   A        B        C        D        E       F      G
               +--------+--------+--------+--------+--------+-----+--------+
         Total |     39 |     39 |      0 |      0 |      1 |   1 |   39.0 |
       Dungeon |     39 |     39 |      0 |      0 |      1 |   1 |   39.0 |
               +--------+--------+--------+--------+--------+-----+--------+

Top non-repeatable levels by time:
     D:1: 39 daAuts
